 Dungeon Crawl Stone Soup version 0.27-a0-1347-gd8886f0a89 (webtiles) character file.

Game seed: 8221905928464006961

196 Shayle the Unbeliever (level 5, 0/48 HPs)
             Began as a Naga Hedge Wizard on June 28, 2021.
             Slain by a hound (2 damage)
             ... on level 4 of the Dungeon.
             The game lasted 00:11:39 (5332 turns).

Shayle the Unbeliever (Naga Hedge Wizard)           Turns: 5332, Time: 00:11:39

Health: 0/48       AC:  3    Str: 12    XL:     5   Next: 74%
Magic:  3/9        EV: 10    Int: 16    God:
Gold:   1372       SH:  0    Dex: 10    Spells: 2/10 levels left

rFire    . . .     SeeInvis +   q - +0 flail
rCold    . . .     Faith    .   (no shield)
rNeg     . . .     Spirit   .   b - +0 robe
rPois    +         Reflect  .   c - +0 hat
rElec    .         Harm     .   (no cloak)
rCorr    .         Rampage  .   r - +0 pair of gloves
Will     .....                  (no barding)
Stlth    ++........             (no amulet)
HPRegen  0.16/turn              (no ring)
MPRegen  0.11/turn              (no ring)

@: mighty, very slightly contaminated, very slow
A: AC +1, large, see invisible, deformed body, poison resistance, slowness 2,
spit poison 1, naga tail 1
a: Spit Poison


You were on level 4 of the Dungeon.
You visited 1 branch of the dungeon, and saw 4 of its levels.

You collected 1372 gold pieces.

Inventory:

Hand Weapons
 a - a +0 dagger
 q - a +0 flail (weapon)
Armour
 b - a +0 robe (worn)
 c - a +0 hat (worn)
 r - a +0 pair of gloves (worn)
Scrolls
 f - 2 scrolls of blinking
 i - 2 scrolls of magic mapping
 j - a scroll of amnesia {unknown}
 l - a scroll of identify {unknown}
 m - a scroll of teleportation
 p - a scroll of enchant weapon {unknown}
Potions
 e - 2 potions of haste {unknown}
 g - a potion of resistance {unknown}
 k - a potion of might
 n - a potion of heal wounds {unknown}
 o - a potion of invisibility {unknown}


   Skills:
 + Level 2.8 Fighting
 + Level 3.0 Dodging
 - Level 3.0 Stealth
 - Level 3.0 Spellcasting
 - Level 1.0 Conjurations
 - Level 1.0 Summonings
 - Level 1.0 Translocations
 + Level 3.1 Invocations


You had 2 spell levels left.
You knew the following spells:

 Your Spells              Type           Power      Damage    Failure   Level
a - Magic Dart            Conj           20%        1d4       12%         1
b - Call Imp              Summ           5%         N/A       19%         2
c - Blink                 Tloc           N/A        N/A       19%         2
d - Mephitic Cloud        Conj/Pois/Air  3%         N/A       43%         3

Your spell library contained the following spells:

 Spells                   Type           Power      Damage    Failure   Level
 Summon Small Mammal      Summ           20%        N/A       12%         1
 Slow                     Hex            2%         N/A       28%         2
 Call Canine Familiar     Summ           5%         N/A       36%         3
 Conjure Flame            Conj/Fire      4%         6-21      41%         3
 Summon Guardian Golem    Hex/Summ       4%         N/A       41%         3
 Summon Ice Beast         Ice/Summ       4%         N/A       83%         4
 Summon Lightning Spire   Summ/Air       4%         N/A       83%         4


Dungeon Overview and Level Annotations

Branches:
Dungeon (4/15)
 Temple: D:4-7

Altars:
Nemelex Xobeh

Shops:
D:1 (


Innate Abilities, Weirdness & Mutations

Your serpentine skin is tough. (AC +1)
You have supernaturally acute eyesight. (SInv)
Armour fits poorly on your strangely shaped body.
Your system is resistant to poisons. (rPois)
You cover ground very slowly.
You can spit poison.
You have a snake-like lower body.


Message History

You barely miss the hound.
The hound is severely wounded.
The hound closely misses you. The hound barely misses you.
Casting: Call Imp (safe; 19% risk of failure)
Confirm with . or Enter, or press ? or * to list all spells.
You miscast Call Imp.
You are very lightly contaminated with residual magic.
Nothing appears to happen.
The hound bites you.
* * * LOW HITPOINT WARNING * * *
The hound bites you.
* * * LOW HITPOINT WARNING * * *
It was a potion of might.
You feel very mighty all of a sudden. The hound barely misses you.
You miss the hound.
The hound is heavily wounded.
The hound bites you.
* * * LOW HITPOINT WARNING * * *
The hound bites you.
* * * LOW HITPOINT WARNING * * *
The hound closely misses you.
You hit the hound but do no damage.
The hound is heavily wounded.
You have got your breath back.
The hound bites you.
* * * LOW HITPOINT WARNING * * *
The hound barely misses you.
Unknown command.
You closely miss the hound.
The hound is heavily wounded.
The hound bites you.
* * * LOW HITPOINT WARNING * * *
The hound closely misses you.
Unknown command.
You barely miss the hound.
The hound is heavily wounded.
The hound bites you.
* * * LOW HITPOINT WARNING * * *
The hound bites you.
You die...

............##.####
#.##.#......+..#
#..#.#......####.# .
.................# ..
####.#.##.###....###
...#....#.##............
...........#.###....####
##.#.......#.# #....#
#...@.>...# #....#
####h...### #....#
#.#### #....# #.# #oo..#
#.# #.# #.# ..# ..?.


You could see a hound.

Vanquished Creatures
  An iguana (D:3)
  2 gnolls (D:2)
  2 adders
  An adder skeleton (D:4)
  A worm (D:2)
  A dart slug (D:1)
  2 orcs
  2 endoplasms
  2 giant cockroaches
  3 goblins
  A hobgoblin (D:2)
  2 jackals (D:1)
  3 kobolds
  7 quokkas
  4 ball pythons
  5 bats
  4 frilled lizards
  6 rats
49 creatures vanquished.

Vanquished Creatures (collateral kills)
  An ogre (D:4)
  An iguana (D:4)
  A gnoll (D:2)
  A worm (D:3)
  2 orcs (D:3)
  An endoplasm (D:2)
7 creatures vanquished.

Grand Total: 56 creatures vanquished

Notes
Turn   | Place    | Note
-------+----------+-------------------------------------------
     0 | D:1      | Shayle the Naga Hedge Wizard began the quest for the Orb.
     0 | D:1      | Reached XP level 1. HP: 15/15 MP: 4/4
   514 | D:1      | Reached XP level 2. HP: 3/24 MP: 0/6
   838 | D:1      | Reached skill level 1 in Invocations
   841 | D:1      | Learned a level 2 spell: Call Imp
   982 | D:1      | Reached skill level 1 in Fighting
  1028 | D:1      | Found Iguuqoam's Antique Weapon Shoppe.
  1345 | D:1      | Reached XP level 3. HP: 31/31 MP: 7/7
  1947 | D:2      | You fall into a shaft and drop 1 floor!
  2118 | D:2      | Found a sparkling altar of Nemelex Xobeh.
  3265 | D:2      | Reached XP level 4. HP: 34/39 MP: 3/8
  4678 | D:3      | Reached XP level 5. HP: 37/46 MP: 4/9
  4795 | D:3      | Found a faded altar of an unknown god.
  4940 | D:3      | Identified a scroll of acquirement
  4940 | D:3      | Acquired 1203 gold pieces
  5197 | D:3      | Learned a level 2 spell: Blink
  5201 | D:3      | Learned a level 3 spell: Mephitic Cloud
  5298 | D:4      | Noticed an ogre
  5312 | D:4      | Killed an ogre
  5332 | D:4      | HP: 2/48 [hound (3)]
  5332 | D:4      | Slain by a hound

Illustrated notes

Levels and vault maps discovered:
D:1:      eino_arrival_tree_alley, layout_loops_corners, serial_shops,
          nicolae_shop_stone
D:2:      layout_basic, basic_altar, hex_medium
D:3:      layout_basic, hellmonk_ecumenical_altar_leap_of_faith
D:4:      layout_basic, ebering_ghost_rock_garden, uniq_eustachio

Skill      XL: |  1  2  3  4  5 |
---------------+----------------+-----
Invocations    | 1 2 3 |  3.1
Fighting       | 1 2 |  2.8
Dodging        | 2 3 |  3.0
Stealth        | |  3.0
Spellcasting   | |  3.0
Conjurations   | |  1.0
Summonings     | |  1.0
Translocations | |  1.0

Action                   |  1- 3 |  4- 6 || total
-------------------------+-------+-------++-------
Melee: Dagger            |    55 |    24 ||    79
       Flail             |       |    35 ||    35
 Cast: Magic Dart        |    23 |     7 ||    30
       Call Imp          |     6 |    13 ||    19
 Abil: Spit Poison       |    40 |    14 ||    54
  Use: Scroll            |       |     5 ||     5
       Potion            |       |     1 ||     1
Armor: Robe              |     7 |     8 ||    15
Dodge: Dodged            |    51 |    56 ||   107

Table legend: (Time is in decaauts)
 A = Elapsed time spent in this place.
 B = Non-inter-level travel time spent in this place.
 C = Inter-level travel time spent in this place.
 D = Time resting spent in this place.
 E = Time spent auto-exploring this place.
 F = Levels seen in this place.
 G = Mean time per level.
                   A        B        C        D        E       F      G
               +--------+--------+--------+--------+--------+-----+--------+
         Total |   6306 |   6166 |    140 |   1648 |   3717 |   4 | 1576.5 |
       Dungeon |   6306 |   6166 |    140 |   1648 |   3717 |   4 | 1576.5 |
               +--------+--------+--------+--------+--------+-----+--------+

Top non-repeatable levels by time:
     D:1: 2279 daAuts
     D:2: 2069 daAuts
     D:3: 1785 daAuts
     D:4: 171 daAuts
